 Dungeon Crawl Stone Soup version 0.23.0 (webtiles) character file.

Game seed: 11715382262622812139

1841 Faca the Fighter (level 8, -1/78 (79) HPs)
             Began as a Centaur Hunter on Feb 15, 2019.
             Slain by a killer bee (7 damage)
             ... on level 6 of the Dungeon.
             The game lasted 00:15:27 (6414 turns).

Faca the Fighter (Centaur Hunter)                   Turns: 6414, Time: 00:15:27

HP:   -1/78 (79)    AC: 16    Str: 27    XL:     8   Next: 87%
MP:   8/8           EV:  6    Int: 10    God:
Gold: 342           SH:  0    Dex: 10    Spells: 7/7 levels left

rFire    + . .     SeeInvis .   m - +0 hand axe (elec)
rCold    + . .     Gourm    .   (no shield)
rNeg     + . .     Faith    .   c - +7 storm dragon scales of Midnight {rElec rPois rN+ Str+5}
rPois    +         Spirit   .   g - +0 helmet
rElec    +         Reflect  .   p - scarf {rC+ rF+}
rCorr    .         Harm     .   (no gloves)
MR       +....                  (no barding)
Stlth    ..........             (no amulet)
HPRegen  0.23/turn              o - ring of protection from magic
MPRegen  0.11/turn              (no ring)

@: mighty, lethally poisoned (-1 -> -9), very quick
A: large, hooves 3, deformed body, speed 2, tough skin 3
a: no special abilities


You were on level 6 of the Dungeon.
You were not hungry.

You visited 2 branches of the dungeon, and saw 8 of its levels.

You collected 342 gold pieces.

Inventory:

Hand Weapons
 a - a +1 shortbow
 m - a +0 hand axe of electrocution (weapon)
 v - a +1 trident
Missiles
 d - 55 arrows
Armour
 c - the +7 storm dragon scales of Midnight (worn) {rElec rPois rN+ Str+5}
   (You found it on level 5 of the Dungeon)

   It affects your strength (+5).
   It insulates you from electricity.
   It protects you from poison.
   It protects you from negative energy.
 g - a +0 helmet (worn)
 p - a scarf of resistance (worn)
 r - a +2 leather armour of poison resistance
 t - a scarf of cloud immunity
Jewellery
 o - a ring of protection from magic (left hand)
Wands
 q - a wand of iceblast (3)
Scrolls
 h - 5 scrolls of teleportation
Potions
 b - a potion of ambrosia
 e - a potion of agility
 j - 2 potions of brilliance
 u - 2 potions of lignification
 x - 2 potions of berserk rage
 z - a potion of haste {unknown}
 A - a potion of cancellation
Comestibles
 f - 8 rations


   Skills:
 - Level 10.0 Fighting
 + Level 5.2 Polearms
 - Level 5.3 Bows
 - Level 1.3 Dodging
 - Level 0.4 Stealth


You had 7 spell levels left.
You didn't know any spells.
Your spell library contained the following spells:

 Spells                   Type           Power        Failure   Level  Hunger
 Animate Skeleton         Necr           N/A          95%         1    ##.....
 Apportation              Tloc           #.....       95%         1    ##.....
 Confusing Touch          Hex            #.....       95%         1    ##.....
 Summon Small Mammal      Summ           #...         95%         1    ##.....


Dungeon Overview and Level Annotations

Branches:
Dungeon (7/15)             Temple (1/1) D:6

Altars:
Ashenzari
Dithmenos
Elyvilon
Fedhas
Gozag
Hepliaklqana
Kikubaaqudgha
Makhleb
Nemelex Xobeh
Qazlal
Ru
Sif Muna
Uskayaw
Vehumet
Xom
Yredelemnul
Zin
The Shining One
Lugonu

Annotations:
D:5 exclusion: statue


Innate Abilities, Weirdness & Mutations

You have hooves in place of feet.
Armour fits poorly on your strangely shaped body.
You cover ground very quickly.
You have extremely tough skin. (AC +3)


Message History

You miss the killer bee.
The killer bee is moderately wounded.
* * * LOW HITPOINT WARNING * * *
You feel sick.
The killer bee stings you but does no damage.
The killer bee stings you.
* * * LOW HITPOINT WARNING * * *
It was a potion of might.
You feel very mighty all of a sudden.
You feel less invigorated.
You feel less confused.
* * * LOW HITPOINT WARNING * * *
You feel sick.
The killer bee stings you but does no damage.
The killer bee barely misses you.
You miss the killer bee.
The killer bee is moderately wounded.
* * * LOW HITPOINT WARNING * * *
You feel sick. The killer bee stings you!
You die...

#........##.#.#.#
.........##.#.#.#
.........##.#.#.#
.........##.#.#.##########
.........##.#.#..........#
.##########.#.#########.##
..........#.#...........#
..........#.#############
..........#....y@.......#
........o.#############.#
...............<...# #.#
#########.#.######o# #.#
#.#.# #.# #.# #.#.# #.#
#.# #...# #.# #.#
################ #o# #.#
...............# #.# #.#


You could see a killer bee.

Vanquished Creatures
  Prince Ribbit (D:5)
  Sigmund (D:2)
  Edmund (D:3)
  Menkaure (D:4)
  An orc warrior (D:6)
  2 ogres (D:5)
  A necrophage (D:6)
  A bullfrog (D:6)
  A killer bee (D:6)
  2 howler monkeys
  A quasit (D:6)
  A hound (D:4)
  4 jellies
  An orc priest (D:4)
  4 orc wizards
  A centaur skeleton (D:5)
  2 worker ants
  Ijyb (D:5)
  A hound zombie (D:5)
  6 gnolls
  11 adders
  A shadow imp (D:5)
  An ooze (D:4)
  An adder skeleton (D:6)
  3 worms
  2 dart slugs
  2 leopard geckos
  8 orcs
  8 bats
  7 giant cockroaches
  8 hobgoblins
  2 jackals (D:5)
  4 quokkas
  7 frilled lizards
  5 goblins
  A jackal skeleton (D:4)
  A jackal zombie (D:5)
  11 kobolds
  10 rats
  A withered plant (D:2)
128 creatures vanquished.

Notes
Turn   | Place    | Note
-------+----------+-------------------------------------------
     0 | D:1      | Faca the Centaur Hunter began the quest for the Orb.
     0 | D:1      | Reached XP level 1. HP: 17/17 MP: 1/1
   214 | D:1      | Reached XP level 2. HP: 23/25 MP: 2/2
   246 | D:1      | Reached skill level 3 in Fighting
   595 | D:2      | Reached XP level 3. HP: 33/33 MP: 3/3
   611 | D:2      | Reached skill level 4 in Fighting
   922 | D:2      | Found a hazy altar of Hepliaklqana.
  1012 | D:2      | Reached XP level 4. HP: 29/41 MP: 4/4
  1366 | D:2      | Found a deep blue altar of Sif Muna.
  1462 | D:2      | Found an ancient bone altar of Kikubaaqudgha.
  1781 | D:2      | Found a white marble altar of Elyvilon.
  1921 | D:2      | Noticed Sigmund
  1934 | D:2      | Killed Sigmund
  1934 | D:2      | Reached skill level 6 in Fighting
  1934 | D:2      | Reached XP level 5. HP: 18/50 MP: 5/5
  2220 | D:3      | Reached XP level 6. HP: 48/58 MP: 6/6
  2499 | D:3      | Found a sparkling altar of Nemelex Xobeh.
  2985 | D:3      | Found a glowing golden altar of the Shining One.
  3010 | D:3      | Noticed a +0 dagger
  3011 | D:3      | Noticed a +0 hand axe
  3012 | D:3      | Found a hide-covered altar of Uskayaw.
  3079 | D:4      | Reached skill level 7 in Fighting
  3141 | D:4      | Noticed Menkaure
  3412 | D:4      | Noticed Edmund
  3420 | D:3      | Killed Edmund
  3420 | D:3      | Reached XP level 7. HP: 41/67 MP: 7/7
  3548 | D:4      | Killed Menkaure
  3548 | D:4      | Reached skill level 8 in Fighting
  3853 | D:4      | Found an opulent altar of Gozag.
  3997 | D:4      | Found a glowing silver altar of Zin.
  4108 | D:5      | Entered Level 5 of the Dungeon
  4139 | D:5      | Reached skill level 1 in Polearms
  4140 | D:5      | Found a radiant altar of Vehumet.
  4164 | D:5      | Noticed Prince Ribbit
  4179 | D:5      | Got slimy storm dragon scales
  4251 | D:5      | Found a blossoming altar of Fedhas.
  4480 | D:5      | Identified the +7 storm dragon scales of Midnight {rElec
                  | rPois rN+ Str+5} (You found it on level 5 of the Dungeon)
  4558 | D:5      | Killed Prince Ribbit
  4558 | D:5      | Reached skill level 9 in Fighting
  4558 | D:5      | Reached XP level 8. HP: 73/78 MP: 8/8
  4582 | D:5      | Noticed Ijyb
  4594 | D:5      | Killed Ijyb
  5028 | D:5      | Found a sacrificial altar of Ru.
  5739 | D:6      | Found a staircase to the Ecumenical Temple.
  5848 | Temple   | Entered the Ecumenical Temple
  5929 | D:6      | Reached skill level 10 in Fighting
  6209 | D:6      | Reached skill level 5 in Polearms
  6412 | D:6      | HP: 2/78 [killer bee (5)]
  6414 | D:6      | Slain by a killer bee

Skill      XL: |  1  2  3  4  5  6  7  8 |
---------------+-------------------------+-----
Fighting       | 3 4 6 7 9 10 | 10.0
Polearms       | 2 5 |  5.2
Bows           | |  5.3
Dodging        | |  1.3
Stealth        | |  0.4

Action                   |  1- 3 |  4- 6 |  7- 9 || total
-------------------------+-------+-------+-------++-------
Melee: Short sword       |    81 |    55 |       ||   136
       Kick              |    20 |    29 |    43 ||    92
       Hand axe          |       |   124 |    22 ||   146
       Trident           |       |       |   196 ||   196
  Use: Scroll            |       |       |    13 ||    13
       Potion            |       |       |     2 ||     2
  Eat: Chunk             |       |     6 |     9 ||    15
Armor: Leather armour    |    29 |    78 |    17 ||   124
       Storm dragon scal |       |       |   130 ||   130
Dodge: Dodged            |    35 |    94 |    74 ||   203
